 Dungeon Crawl Stone Soup version 0.29.0-4-gdea44cf6ec (webtiles) character file.

Game seed: 8695166492967906061

8200 qw the Grappler (level 11, -2/104 HPs)
             Began as a Troll Cinder Acolyte on Sept 1, 2022.
             Was a Believer of Ignis.
             Slain by a death yak (9 damage)
             ... on level 10 of the Dungeon.
             The game lasted 00:05:17 (8290 turns).

qw the Grappler (Troll Cinder Acolyte)              Turns: 8290, Time: 00:05:18

Health: -2/104     AC: 20    Str: 27 (28) XL:     11   Next: 6%
Magic:  11/11      EV:  8    Int: 10      God:    Ignis [**....]
Gold:   276        SH:  9    Dex:  5      Spells: 12/12 levels left

rFire   + . .      SeeInvis .     - Unarmed
rCold   . . .      Faith    .   p - +0 kite shield
rNeg    + . .      Spirit   .   d - +0 troll leather armour
rPois   .          Reflect  .   (helmet restricted)
rElec   .          Harm     .   k - +2 cloak
rCorr   .          Rampage  .   (gloves unavailable)
Will    .....                   (boots unavailable)
Stlth   +.........              (no amulet)
HPRegen 1.87/turn               b - +4 ring of protection
MPRegen 0.12/turn               m - ring of positive energy

@: fiery-armoured
A: large, unfitting armour, claws 3, regeneration 1, shaggy fur 1, tough skin 1,
deterioration 1, sense surroundings 1
a: Renounce Religion, Fiery Armour, Foxfire Swarm, Rising Flame


You were on level 10 of the Dungeon.
You worshipped Ignis.
Ignis was pleased with you.
You visited 1 branch of the dungeon, and saw 10 of its levels.
You also visited: Ossuary.

You collected 531 gold pieces.
You spent 255 gold pieces at shops.


Innate Abilities, Weirdness & Mutations

You are too large for most types of armour.
You have claws for hands.
Your natural rate of healing is unusually fast.
You are covered in fur. (AC +1)
You have tough skin. (AC +1)
Your body sometimes deteriorates upon taking damage.
You passively map a small area around you.


   Skills:
 - Level 5.5 Fighting
 - Level 1.5 Throwing
 - Level 1.2 Armour
 - Level 1.3 Dodging
 - Level 9.1 Shields
 + Level 12.6 Unarmed Combat
 - Level 1.0 Spellcasting
 - Level 2.1 Fire Magic


You had 12 spell levels left.
You didn't know any spells.
Your spell library contained the following spells:

 Spells                   Type           Power      Damage    Failure   Level
 Scorch                   Fire           8%         2d5       41%         2

Inventory:

Missiles
 s - 2 boomerangs (quivered)
Armour
 d - a +0 troll leather armour (worn)
 k - a +2 cloak (worn)
 p - a +0 kite shield (worn)
Jewellery
 b - a +4 ring of protection (left claw)
 m - a ring of positive energy (right claw)
Scrolls
 l - a scroll of identify
 r - a scroll of enchant weapon
Potions
 c - 2 potions of mutation
 f - a potion of ambrosia {unknown}
 g - a potion of cancellation
 i - 10 potions of curing
 j - 2 potions of haste
 n - a potion of magic {unknown}
 o - 2 potions of might
 q - a potion of lignification {unknown}
 u - a potion of brilliance {unknown}

Dungeon Overview and Level Annotations

Branches:
Dungeon (10/15)            Temple (0/1) D:5         Ossuary (visited)
   Lair: D:8-11         Orc: D:9-12

Altars:
Cheibriados
Hepliaklqana
Trog
Xom
Yredelemnul

Shops:
D:7 *!   D:8 *

Portals:
Abyss: D:7

Annotations:
D:7 2 transporters, qw's ghost, novice TrCA
D:8 2 transporters


Message History

You scratch the death yak.
The death yak is lightly wounded.
The death yak gores you!
The death yak is burned by your cloak of flames.
The death yak is lightly wounded.
The death yak gores you but does no damage.
The death yak is burned by your cloak of flames.
The death yak is lightly wounded.
You scratch the death yak but do no damage.
The death yak is lightly wounded.
The death yak closely misses you. The death yak gores you!!
The death yak gores you!
8286 ||| DRINKING potion of heal wounds.
You feel much better. The death yak gores you!
The death yak is burned by your cloak of flames.
The death yak is lightly wounded.
The death yak gores you!
The death yak is burned by your cloak of flames.
The death yak is lightly wounded.
You block the death yak's attack.
You scratch the death yak.
The death yak is lightly wounded.
You scratch the death yak.
The death yak is lightly wounded.
The death yak gores you but does no damage.
You block the death yak's attack. x2
You barely miss the death yak.
The death yak is lightly wounded.
You block the death yak's attack. x2
The death yak gores you but does no damage.
The death yak is burned by your cloak of flames.
The death yak is lightly wounded.
You mangle the death yak!!
The death yak is heavily wounded.
The death yak gores you! x2
The death yak is burned by your cloak of flames.
The death yak is lightly wounded.
The death yak gores you!
You die...

* ################
* #@YY.............
,
#YY...............
#.................
#.................
,
*#.................
,
*#.....>...........
,
#.................
*#.................
#.................


You could see 4 death yaks.

Vanquished Creatures
  3 death yaks (D:10)
  A deep elf zephyrmancer (D:9)
  Joseph (D:9)
  A gargoyle (D:5)
  A kobold demonologist (D:8)
  Psyche (D:9)
  A troll (D:9)
  Eustachio (D:3)
  6 yaks (D:8)
  A wyvern (D:5)
  2 steam dragons (D:9)
  Menkaure (D:4)
  A water moccasin (D:6)
  An orc warrior (D:5)
  2 black bears
  An ice beast (D:8)
  An ogre (D:6)
  4 centaurs
  A kobold brigand (D:7)
  2 phantoms (D:5)
  An elf zombie (Ossuary)
  2 necrophages
  2 bullfrogs
  3 wyvern zombies (D:7)
  A gnoll sergeant (D:6)
  A scorpion (D:5)
  11 killer bees
  A howler monkey (D:8)
  2 centaur zombies (D:7)
  3 bullfrog zombies (D:7)
  A jelly (D:6)
  4 hounds
  5 human zombies (Ossuary)
  2 orc priests
  An iron imp (D:5)
  An iguana (D:6)
  5 orc wizards
  3 mummies
  10 adders
  4 gnolls (D:6)
  A shadow imp (D:6)
  3 white imps
  2 ufetubi
  An adder zombie (Ossuary)
  2 worms
  A dart slug (D:4)
  21 orcs
  5 ball pythons
  2 bats
  7 endoplasms
  6 giant cockroaches
  4 goblins
  7 hobgoblins
  7 jackals
  14 kobolds
  3 quokkas
  3 frilled lizards
  11 hobgoblin zombies
  A jackal zombie (Ossuary)
  7 kobold zombies (Ossuary)
  10 orc zombies
  2 rats
  2 rat zombies (Ossuary)
218 creatures vanquished.

Notes
Turn   | Place    | Note
-------+----------+-------------------------------------------
     0 | D:1      | qw the Troll Cinder Acolyte began the quest for the Orb.
     0 | D:1      | Reached XP level 1. HP: 22/22 MP: 1/1
     0 | D:1      | 0 ||| qw: Version: 0.1-a-97-g2dd2ca4
     0 | D:1      | 0 ||| qw: Game counter: 4856
     0 | D:1      | 0 ||| qw: Always use a shield: true
     0 | D:1      | 0 ||| qw: God list: Okawaru
     0 | D:1      | 0 ||| qw: Allow faded altars: false
     0 | D:1      | 0 ||| qw: Do Orc after D:15 true
     0 | D:1      | 0 ||| qw: Do second Lair branch before Depths: true
     0 | D:1      | 0 ||| qw: Lair rune preference: random
     0 | D:1      | 0 ||| qw: Plans: Normal
     0 | D:1      | 0 ||| PLANNING D:1-11
   291 | D:1      | Reached XP level 2. HP: 29/29 MP: 2/2
   568 | D:1      | 568 ||| UPGRADING to +4 ring of protection.
   569 | D:1      | 569 ||| READING scroll labelled KAOMYL XUNEAH.
   570 | D:1      | 570 ||| READING scroll labelled YNYVAB NINT.
   634 | D:2      | Reached skill level 4 in Unarmed Combat
   634 | D:2      | Reached XP level 3. HP: 36/36 MP: 3/3
  1277 | D:2      | 1277 ||| READING scroll labelled DIYFFA FODO.
  1278 | D:2      | 1278 ||| READING scroll labelled PUET QYB FUVI.
  1279 | D:2      | 1279 ||| READING scroll labelled ZEUSMEDDUN.
  1280 | D:2      | 1280 ||| READING scroll labelled YMYUDD XUHOWN.
  1280 | D:2      | Identified a scroll of acquirement
  1280 | D:2      | 1280 ||| ACQUIRING +2 robe of positive energy
  1280 | D:2      | Acquired a +2 robe of positive energy
  1282 | D:2      | 1282 ||| UPGRADING to +2 robe of positive energy.
  1292 | D:2      | 1292 ||| DROPPING +0 robe.
  1293 | D:2      | 1293 ||| DRINKING 2 yellow potions.
  1293 | D:2      | Gained mutation: You passively map a small area around you.
                  | [potion of mutation]
  1293 | D:2      | Gained mutation: Your body sometimes deteriorates upon
                  | taking damage. [potion of mutation]
  1294 | D:2      | 1294 ||| DRINKING 2 amethyst potions.
  1331 | D:3      | 1331 ||| STAIRDANCE
  1338 | D:3      | Reached skill level 5 in Unarmed Combat
  1338 | D:3      | Reached XP level 4. HP: 44/44 MP: 4/4
  1951 | D:3      | 1951 ||| UPGRADING to +0 cloak.
  1956 | D:3      | 1956 ||| READING scroll labelled KUM EGRIOJAIJ.
  1961 | D:3      | 1961 ||| READING scroll labelled WAJ ESTOMA.
  1980 | D:3      | 1980 ||| DRINKING 5 inky potions.
  1981 | D:3      | 1981 ||| READING 2 scrolls of identify.
  1981 | D:3      | 1981 ||| IDENTIFYING murky emerald potion
  2031 | D:4      | 2031 ||| Stepping ~*~*~tactically~*~*~ (stealth).
  2039 | D:4      | Noticed Eustachio
  2050 | D:4      | 2050 ||| Stepping ~*~*~tactically~*~*~ (outnumbered).
  2051 | D:4      | 2051 ||| Stepping ~*~*~tactically~*~*~ (outnumbered).
  2052 | D:4      | 2052 ||| INVOKING Fiery Armour.
  2053 | D:4      | 2053 ||| Stepping ~*~*~tactically~*~*~ (outnumbered).
  2054 | D:4      | 2054 ||| Stepping ~*~*~tactically~*~*~ (outnumbered).
  2055 | D:4      | 2055 ||| Stepping ~*~*~tactically~*~*~ (outnumbered).
  2056 | D:4      | 2056 ||| Stepping ~*~*~tactically~*~*~ (outnumbered).
  2061 | D:4      | 2061 ||| Stepping ~*~*~tactically~*~*~ (hiding).
  2070 | D:4      | 2070 ||| FLEEEEING.
  2072 | D:4      | 2072 ||| FLEEEEING.
  2075 | D:4      | 2075 ||| STAIRDANCE
  2114 | D:4      | 2114 ||| STAIRDANCE
  2116 | D:3      | Killed Eustachio
  2117 | D:3      | Reached skill level 6 in Unarmed Combat
  2117 | D:3      | Reached XP level 5. HP: 50/50 MP: 5/5
  2155 | D:4      | Noticed a black bear
  2159 | D:4      | Killed a black bear
  2160 | D:4      | Reached skill level 7 in Unarmed Combat
  2160 | D:4      | Reached XP level 6. HP: 58/59 MP: 6/6
  2164 | D:4      | Noticed Menkaure
  2170 | D:4      | Killed Menkaure
  2288 | D:4      | 2288 ||| Stepping ~*~*~tactically~*~*~ (hiding).
  2548 | D:4      | Reached skill level 8 in Unarmed Combat
  2548 | D:4      | Reached XP level 7. HP: 66/66 MP: 7/7
  2560 | D:4      | 2560 ||| Stepping ~*~*~tactically~*~*~ (stealth).
  2813 | D:4      | 2813 ||| UPGRADING to +0 kite shield.
  2818 | D:4      | 2818 ||| UPGRADING to ring of positive energy.
  2819 | D:4      | 2819 ||| READING scroll labelled ISHIEGR HUMU.
  2820 | D:4      | 2820 ||| DRINKING 2 emerald potions.
  2821 | D:4      | 2821 ||| DROPPING potion of degeneration.
  2837 | D:5      | Entered Level 5 of the Dungeon
  2858 | D:5      | Reached skill level 1 in Shields
  2973 | D:5      | Reached skill level 3 in Shields
  2986 | D:5      | Identified the +1 robe "Ipirom" {rElec Str+2 Int+4 Dex-3}
  3030 | D:5      | Identified the +1 leather armour of Decompression {rC+
                  | Int+5}
  3174 | D:5      | 3174 ||| INVOKING Fiery Armour.
  3268 | D:5      | Noticed a gargoyle
  3269 | D:5      | Noticed a wyvern
  3274 | D:5      | 3274 ||| INVOKING Fiery Armour.
  3275 | D:5      | Killed a wyvern
  3276 | D:5      | Reached XP level 8. HP: 21/74 MP: 8/8
  3277 | D:5      | HP: 10/74 [gargoyle/+0 mace (13)]
  3278 | D:5      | 3278 ||| READING scroll of teleportation.
  3279 | D:5      | 3279 ||| DRINKING 4 potions of heal wounds.
  3280 | D:5      | 3280 ||| DRINKING 3 potions of heal wounds.
  3500 | D:5      | Found a snail-covered altar of Cheibriados.
  3611 | D:5      | Found a staircase to the Ecumenical Temple.
  3726 | D:5      | 3726 ||| Stepping ~*~*~tactically~*~*~ (stealth).
  3734 | D:5      | Killed a gargoyle
  3735 | D:5      | Reached skill level 6 in Shields
  3919 | D:5      | 3919 ||| READING scroll labelled XYLAAS LIFFATI.
  3953 | D:5      | 3953 ||| READING 2 scrolls labelled KOOTUP UTTIOMM.
  3971 | D:5      | 3971 ||| READING 2 scrolls of identify.
  3971 | D:5      | 3971 ||| IDENTIFYING clear potion
  3972 | D:5      | 3972 ||| DROPPING potion of flight.
  3973 | D:5      | 3973 ||| DROPPING scroll of fear.
  4023 | D:6      | 4023 ||| PLANNING OSSUARY
  4032 | D:6      | 4032 ||| STAIRDANCE
  4034 | D:5      | 4034 ||| Stepping ~*~*~tactically~*~*~ (outnumbered).
  4035 | D:5      | 4035 ||| Stepping ~*~*~tactically~*~*~ (outnumbered).
  4058 | D:6      | 4058 ||| STAIRDANCE
  4060 | D:6      | 4060 ||| STAIRDANCE
  4062 | D:5      | 4062 ||| DRINKING 6 potions of curing.
  4062 | D:5      | 4062 ||| (to cure confusion)
  4092 | D:6      | 4092 ||| Stepping ~*~*~tactically~*~*~ (outnumbered).
  4093 | D:6      | 4093 ||| Stepping ~*~*~tactically~*~*~ (outnumbered).
  4094 | D:6      | 4094 ||| Stepping ~*~*~tactically~*~*~ (outnumbered).
  4095 | D:6      | 4095 ||| Stepping ~*~*~tactically~*~*~ (outnumbered).
  4096 | D:6      | 4096 ||| Stepping ~*~*~tactically~*~*~ (outnumbered).
  4097 | D:6      | 4097 ||| Stepping ~*~*~tactically~*~*~ (outnumbered).
  4098 | D:6      | 4098 ||| Stepping ~*~*~tactically~*~*~ (outnumbered).
  4099 | D:6      | 4099 ||| Stepping ~*~*~tactically~*~*~ (outnumbered).
  4100 | D:6      | 4100 ||| Stepping ~*~*~tactically~*~*~ (outnumbered).
  4101 | D:6      | 4101 ||| Stepping ~*~*~tactically~*~*~ (outnumbered).
  4102 | D:6      | 4102 ||| Stepping ~*~*~tactically~*~*~ (outnumbered).
  4103 | D:6      | 4103 ||| Stepping ~*~*~tactically~*~*~ (outnumbered).
  4109 | D:6      | Reached skill level 3 in Fighting
  4114 | D:6      | 4114 ||| INVOKING Fiery Armour.
  4319 | D:6      | Reached skill level 9 in Unarmed Combat
  4393 | D:6      | Found a sand-covered staircase.
  4403 | Ossuary  | Entered an ossuary
  4424 | Ossuary  | 4424 ||| Stepping ~*~*~tactically~*~*~ (outnumbered).
  4425 | Ossuary  | 4425 ||| Stepping ~*~*~tactically~*~*~ (outnumbered).
  4426 | Ossuary  | 4426 ||| Stepping ~*~*~tactically~*~*~ (outnumbered).
  4427 | Ossuary  | 4427 ||| Stepping ~*~*~tactically~*~*~ (outnumbered).
  4429 | Ossuary  | 4429 ||| Stepping ~*~*~tactically~*~*~ (outnumbered).
  4430 | Ossuary  | 4430 ||| Stepping ~*~*~tactically~*~*~ (outnumbered).
  4431 | Ossuary  | 4431 ||| Stepping ~*~*~tactically~*~*~ (outnumbered).
  4432 | Ossuary  | 4432 ||| Stepping ~*~*~tactically~*~*~ (outnumbered).
  4434 | Ossuary  | 4434 ||| Stepping ~*~*~tactically~*~*~ (outnumbered).
  4435 | Ossuary  | 4435 ||| Stepping ~*~*~tactically~*~*~ (outnumbered).
  4436 | Ossuary  | 4436 ||| Stepping ~*~*~tactically~*~*~ (outnumbered).
  4437 | Ossuary  | 4437 ||| Stepping ~*~*~tactically~*~*~ (outnumbered).
  4439 | Ossuary  | 4439 ||| Stepping ~*~*~tactically~*~*~ (outnumbered).
  4440 | Ossuary  | 4440 ||| INVOKING Fiery Armour.
  4441 | Ossuary  | 4441 ||| Stepping ~*~*~tactically~*~*~ (outnumbered).
  4442 | Ossuary  | 4442 ||| Stepping ~*~*~tactically~*~*~ (outnumbered).
  4444 | Ossuary  | 4444 ||| Stepping ~*~*~tactically~*~*~ (outnumbered).
  4477 | Ossuary  | 4477 ||| Stepping ~*~*~tactically~*~*~ (outnumbered).
  4478 | Ossuary  | 4478 ||| Stepping ~*~*~tactically~*~*~ (outnumbered).
  4480 | Ossuary  | 4480 ||| Stepping ~*~*~tactically~*~*~ (outnumbered).
  4481 | Ossuary  | 4481 ||| Stepping ~*~*~tactically~*~*~ (outnumbered).
  4482 | Ossuary  | 4482 ||| Stepping ~*~*~tactically~*~*~ (outnumbered).
  4483 | Ossuary  | 4483 ||| Stepping ~*~*~tactically~*~*~ (outnumbered).
  4485 | Ossuary  | 4485 ||| Stepping ~*~*~tactically~*~*~ (outnumbered).
  4486 | Ossuary  | 4486 ||| Stepping ~*~*~tactically~*~*~ (outnumbered).
  4487 | Ossuary  | 4487 ||| Stepping ~*~*~tactically~*~*~ (outnumbered).
  4609 | Ossuary  | 4609 ||| INVOKING Fiery Armour.
  4610 | Ossuary  | 4610 ||| Stepping ~*~*~tactically~*~*~ (outnumbered).
  4612 | Ossuary  | 4612 ||| Stepping ~*~*~tactically~*~*~ (outnumbered).
  4613 | Ossuary  | 4613 ||| Stepping ~*~*~tactically~*~*~ (outnumbered).
  4614 | Ossuary  | 4614 ||| Stepping ~*~*~tactically~*~*~ (outnumbered).
  4617 | Ossuary  | 4617 ||| Stepping ~*~*~tactically~*~*~ (outnumbered).
  4618 | Ossuary  | 4618 ||| Stepping ~*~*~tactically~*~*~ (outnumbered).
  4619 | Ossuary  | 4619 ||| Stepping ~*~*~tactically~*~*~ (outnumbered).
  4620 | Ossuary  | 4620 ||| Stepping ~*~*~tactically~*~*~ (outnumbered).
  4622 | Ossuary  | 4622 ||| Stepping ~*~*~tactically~*~*~ (outnumbered).
  4623 | Ossuary  | 4623 ||| Stepping ~*~*~tactically~*~*~ (outnumbered).
  4627 | Ossuary  | 4627 ||| Stepping ~*~*~tactically~*~*~ (outnumbered).
  4628 | Ossuary  | 4628 ||| Stepping ~*~*~tactically~*~*~ (outnumbered).
  4629 | Ossuary  | 4629 ||| Stepping ~*~*~tactically~*~*~ (outnumbered).
  4631 | Ossuary  | 4631 ||| Stepping ~*~*~tactically~*~*~ (outnumbered).
  4632 | Ossuary  | 4632 ||| Stepping ~*~*~tactically~*~*~ (outnumbered).
  4633 | Ossuary  | 4633 ||| Stepping ~*~*~tactically~*~*~ (outnumbered).
  4634 | Ossuary  | 4634 ||| Stepping ~*~*~tactically~*~*~ (outnumbered).
  4636 | Ossuary  | 4636 ||| Stepping ~*~*~tactically~*~*~ (outnumbered).
  4637 | Ossuary  | 4637 ||| Stepping ~*~*~tactically~*~*~ (outnumbered).
  4638 | Ossuary  | 4638 ||| Stepping ~*~*~tactically~*~*~ (outnumbered).
  4639 | Ossuary  | 4639 ||| Stepping ~*~*~tactically~*~*~ (outnumbered).
  4641 | Ossuary  | 4641 ||| Stepping ~*~*~tactically~*~*~ (outnumbered).
  4642 | Ossuary  | 4642 ||| Stepping ~*~*~tactically~*~*~ (outnumbered).
  4643 | Ossuary  | 4643 ||| Stepping ~*~*~tactically~*~*~ (outnumbered).
  4650 | Ossuary  | Reached XP level 9. HP: 76/81 MP: 9/9
  4671 | Ossuary  | Reached skill level 1 in Dodging
  4871 | Ossuary  | 4871 ||| READING 2 scrolls labelled PIMEEMMOVVYH.
  4872 | Ossuary  | 4872 ||| DRINKING 2 pink potions.
  4873 | Ossuary  | 4873 ||| DROPPING scroll of poison.
  4874 | Ossuary  | 4874 ||| READING 3 scrolls of teleportation.
  4896 | D:6      | 4896 ||| PLANNING D:1-11
  5183 | D:7      | Found Berghemn's Distillery.
  5189 | D:7      | 5189 ||| BUYING potion of curing (45 gold).
  5189 | D:7      | Bought a potion of curing for 45 gold pieces
  5189 | D:7      | 5189 ||| BUYING potion of haste (150 gold).
  5189 | D:7      | Bought a potion of haste for 150 gold pieces
  5189 | D:7      | 5189 ||| BUYING potion of might (60 gold).
  5189 | D:7      | Bought a potion of might for 60 gold pieces
  5189 | D:7      | 5189 ||| SHOPLISTING potion of mutation (120 gold, have
                  | 41).
  5217 | D:7      | Found a one-way gate to the infinite horrors of the Abyss.
  5217 | D:7      | Noticed qw's ghost (novice TrCA)
  5258 | D:7      | Found a basalt altar of Yredelemnul.
  5270 | D:7      | Reached skill level 10 in Unarmed Combat
  5305 | D:7      | 5305 ||| READING scroll of enchant armour.
  5305 | D:7      | 5305 ||| ENCHANTING +0 cloak.
  5321 | D:7      | 5321 ||| Stepping ~*~*~tactically~*~*~ (hiding).
  5323 | D:7      | 5323 ||| Stepping ~*~*~tactically~*~*~ (hiding).
  5431 | D:7      | Found Ublak's General Store.
  5565 | D:7      | Noticed a toenail golem
  5582 | D:7      | Found a transporter.
  5590 | D:7      | 5590 ||| Stepping ~*~*~tactically~*~*~ (outnumbered).
  5591 | D:7      | 5591 ||| Stepping ~*~*~tactically~*~*~ (outnumbered).
  5592 | D:7      | 5592 ||| Stepping ~*~*~tactically~*~*~ (outnumbered).
  5593 | D:7      | 5593 ||| Stepping ~*~*~tactically~*~*~ (outnumbered).
  5594 | D:7      | 5594 ||| Stepping ~*~*~tactically~*~*~ (outnumbered).
  5595 | D:7      | 5595 ||| Stepping ~*~*~tactically~*~*~ (outnumbered).
  5637 | D:7      | 5637 ||| Stepping ~*~*~tactically~*~*~ (stealth).
  5644 | D:7      | Paralysed by a kobold for 4 turns
  5649 | D:7      | 5649 ||| Stepping ~*~*~tactically~*~*~ (outnumbered).
  5657 | D:7      | Reached skill level 1 in Throwing
  5666 | D:7      | Found a transporter.
  5705 | D:7      | 5705 ||| Stepping ~*~*~tactically~*~*~ (stealth).
  6148 | D:7      | 6148 ||| READING 2 scrolls of teleportation.
  6149 | D:7      | 6149 ||| STAIRDANCE
  6255 | D:8      | Found Enwaqup's Serpentskin Sales.
  6391 | D:8      | Found a transporter.
  6404 | D:8      | Found a transporter.
  6417 | D:8      | Identified the +6 plate armour of Impressiveness {+Blink
                  | rElec rF+ MP-9}
  6432 | D:8      | 6432 ||| Stepping ~*~*~tactically~*~*~ (stealth).
  6436 | D:8      | 6436 ||| Stepping ~*~*~tactically~*~*~ (stealth).
  6447 | D:8      | 6447 ||| Stepping ~*~*~tactically~*~*~ (stealth).
  6484 | D:8      | Reached XP level 10. HP: 69/92 MP: 10/10
  6559 | D:8      | 6559 ||| Stepping ~*~*~tactically~*~*~ (hiding).
  6571 | D:8      | 6571 ||| Stepping ~*~*~tactically~*~*~ (stealth).
  6576 | D:8      | 6576 ||| Stepping ~*~*~tactically~*~*~ (stealth).
  6626 | D:8      | Found a hazy altar of Hepliaklqana.
  6679 | D:8      | 6679 ||| READING scroll of enchant armour.
  6679 | D:8      | 6679 ||| ENCHANTING +1 cloak.
  6747 | D:8      | 6747 ||| READING scroll labelled SAB IKUHEMAKO.
  6748 | D:8      | 6748 ||| DRINKING 2 smoky coppery potions.
  6780 | D:8      | Found a shimmering altar of Xom.
  7091 | D:8      | 7091 ||| DROPPING potion of attraction.
  7145 | D:7      | 7145 ||| READING scroll of teleportation.
  7199 | D:7      | 7199 ||| Stepping randomly (stuck).
  7221 | D:9      | 7221 ||| STAIRDANCE
  7232 | D:8      | Reached skill level 11 in Unarmed Combat
  7256 | D:9      | 7256 ||| STAIRDANCE
  7259 | D:8      | Noticed a smoke demon
  7261 | D:8      | 7261 ||| Stepping ~*~*~tactically~*~*~ (outnumbered).
  7267 | D:8      | Noticed a sun demon
  7267 | D:8      | 7267 ||| Stepping ~*~*~tactically~*~*~ (outnumbered).
  7268 | D:8      | 7268 ||| Stepping ~*~*~tactically~*~*~ (outnumbered).
  7275 | D:8      | HP: 12/92 [sun demon[a kobold demonologist] (19)]
  7275 | D:8      | HP: 3/92 [sun demon[a kobold demonologist] (9)]
  7276 | D:8      | 7276 ||| DRINKING 3 potions of heal wounds.
  7277 | D:8      | 7277 ||| INVOKING Fiery Armour.
  7279 | D:8      | 7279 ||| DRINKING 2 potions of heal wounds.
  7280 | D:8      | 7280 ||| DRINKING potion of heal wounds.
  7293 | D:8      | 7293 ||| FLEEEEING.
  7294 | D:8      | 7294 ||| FLEEEEING.
  7295 | D:8      | 7295 ||| FLEEEEING.
  7296 | D:8      | 7296 ||| FLEEEEING.
  7297 | D:8      | 7297 ||| FLEEEEING.
  7298 | D:8      | 7298 ||| FLEEEEING.
  7299 | D:8      | Noticed an orange demon
  7307 | D:8      | 7307 ||| STAIRDANCE
  7353 | D:9      | 7353 ||| STAIRDANCE
  7367 | D:9      | 7367 ||| STAIRDANCE
  7378 | D:9      | 7378 ||| STAIRDANCE
  7406 | D:9      | Reached skill level 9 in Shields
  7406 | D:9      | 7406 ||| STAIRDANCE
  7433 | D:9      | Noticed Joseph
  7434 | D:9      | 7434 ||| Stepping ~*~*~tactically~*~*~ (hiding).
  7447 | D:9      | 7447 ||| INVOKING Fiery Armour.
  7448 | D:9      | Killed Joseph
  7470 | D:9      | 7470 ||| FLEEEEING.
  7472 | D:9      | 7472 ||| STAIRDANCE
  7492 | D:8      | 7492 ||| DROPPING +1 robe "Ipirom" {rElec Str+2 Int+4
                  | Dex-3}.
  7493 | D:8      | 7493 ||| UPGRADING to +0 troll leather armour.
  7503 | D:8      | 7503 ||| DROPPING +2 robe of positive energy.
  7668 | D:9      | 7668 ||| Stepping ~*~*~tactically~*~*~ (hiding).
  7715 | D:9      | Noticed Psyche
  7723 | D:9      | Reached skill level 1 in Armour
  7726 | D:9      | Killed Psyche
  7797 | D:9      | Noticed a deep elf zephyrmancer
  7806 | D:9      | Killed a deep elf zephyrmancer
  7889 | D:9      | Reached skill level 12 in Unarmed Combat
  8149 | D:9      | 8149 ||| READING scroll of teleportation.
  8166 | D:10     | Entered Level 10 of the Dungeon
  8181 | D:10     | Found a bloodstained altar of Trog.
  8218 | D:10     | Noticed a death yak
  8218 | D:10     | Noticed a death yak
  8219 | D:10     | 8219 ||| INVOKING Fiery Armour.
  8221 | D:10     | Noticed a death yak
  8222 | D:10     | Noticed a death yak
  8223 | D:10     | Noticed a death yak
  8224 | D:10     | 8224 ||| Stepping ~*~*~tactically~*~*~ (outnumbered).
  8224 | D:10     | Noticed a death yak
  8225 | D:10     | 8225 ||| Stepping ~*~*~tactically~*~*~ (outnumbered).
  8226 | D:10     | 8226 ||| Stepping ~*~*~tactically~*~*~ (outnumbered).
  8227 | D:10     | 8227 ||| Stepping ~*~*~tactically~*~*~ (stealth).
  8229 | D:10     | 8229 ||| Stepping ~*~*~tactically~*~*~ (outnumbered).
  8230 | D:10     | 8230 ||| Stepping ~*~*~tactically~*~*~ (outnumbered).
  8231 | D:10     | 8231 ||| Stepping ~*~*~tactically~*~*~ (outnumbered).
  8232 | D:10     | 8232 ||| Stepping ~*~*~tactically~*~*~ (outnumbered).
  8233 | D:10     | 8233 ||| Stepping ~*~*~tactically~*~*~ (outnumbered).
  8234 | D:10     | 8234 ||| Stepping ~*~*~tactically~*~*~ (outnumbered).
  8235 | D:10     | 8235 ||| Stepping ~*~*~tactically~*~*~ (outnumbered).
  8236 | D:10     | 8236 ||| Stepping ~*~*~tactically~*~*~ (outnumbered).
  8237 | D:10     | 8237 ||| Stepping ~*~*~tactically~*~*~ (outnumbered).
  8239 | D:10     | 8239 ||| Stepping ~*~*~tactically~*~*~ (outnumbered).
  8240 | D:10     | 8240 ||| Stepping ~*~*~tactically~*~*~ (outnumbered).
  8241 | D:10     | 8241 ||| Stepping ~*~*~tactically~*~*~ (outnumbered).
  8242 | D:10     | 8242 ||| Stepping ~*~*~tactically~*~*~ (outnumbered).
  8245 | D:10     | 8245 ||| Stepping ~*~*~tactically~*~*~ (outnumbered).
  8246 | D:10     | 8246 ||| Stepping ~*~*~tactically~*~*~ (outnumbered).
  8247 | D:10     | 8247 ||| Stepping ~*~*~tactically~*~*~ (outnumbered).
  8248 | D:10     | 8248 ||| Stepping ~*~*~tactically~*~*~ (outnumbered).
  8249 | D:10     | 8249 ||| Stepping ~*~*~tactically~*~*~ (outnumbered).
  8250 | D:10     | 8250 ||| Stepping ~*~*~tactically~*~*~ (outnumbered).
  8251 | D:10     | 8251 ||| Stepping ~*~*~tactically~*~*~ (outnumbered).
  8252 | D:10     | 8252 ||| Stepping ~*~*~tactically~*~*~ (outnumbered).
  8253 | D:10     | 8253 ||| Stepping ~*~*~tactically~*~*~ (outnumbered).
  8254 | D:10     | 8254 ||| Stepping ~*~*~tactically~*~*~ (outnumbered).
  8255 | D:10     | 8255 ||| Stepping ~*~*~tactically~*~*~ (outnumbered).
  8256 | D:10     | 8256 ||| Stepping ~*~*~tactically~*~*~ (outnumbered).
  8257 | D:10     | Killed a death yak
  8259 | D:10     | Noticed a death yak
  8260 | D:10     | 8260 ||| Stepping ~*~*~tactically~*~*~ (stealth).
  8262 | D:10     | 8262 ||| Stepping ~*~*~tactically~*~*~ (outnumbered).
  8263 | D:10     | 8263 ||| Stepping ~*~*~tactically~*~*~ (outnumbered).
  8264 | D:10     | 8264 ||| Stepping ~*~*~tactically~*~*~ (outnumbered).
  8265 | D:10     | 8265 ||| Stepping ~*~*~tactically~*~*~ (outnumbered).
  8266 | D:10     | 8266 ||| Stepping ~*~*~tactically~*~*~ (outnumbered).
  8267 | D:10     | 8267 ||| Stepping ~*~*~tactically~*~*~ (outnumbered).
  8268 | D:10     | 8268 ||| Stepping ~*~*~tactically~*~*~ (outnumbered).
  8269 | D:10     | 8269 ||| Stepping ~*~*~tactically~*~*~ (outnumbered).
  8270 | D:10     | 8270 ||| Stepping ~*~*~tactically~*~*~ (outnumbered).
  8271 | D:10     | 8271 ||| Stepping ~*~*~tactically~*~*~ (outnumbered).
  8272 | D:10     | 8272 ||| Stepping ~*~*~tactically~*~*~ (outnumbered).
  8273 | D:10     | 8273 ||| Stepping ~*~*~tactically~*~*~ (outnumbered).
  8274 | D:10     | 8274 ||| Stepping ~*~*~tactically~*~*~ (outnumbered).
  8275 | D:10     | 8275 ||| Stepping ~*~*~tactically~*~*~ (outnumbered).
  8276 | D:10     | 8276 ||| Stepping ~*~*~tactically~*~*~ (outnumbered).
  8277 | D:10     | Killed a death yak
  8282 | D:10     | Killed a death yak
  8283 | D:10     | Reached XP level 11. HP: 76/104 MP: 11/11
  8285 | D:10     | HP: 24/104 [death yak (10)]
  8286 | D:10     | 8286 ||| DRINKING potion of heal wounds.
  8290 | D:10     | HP: 21/104 [death yak (9)]
  8290 | D:10     | HP: 7/104 [death yak (14)]
  8290 | D:10     | Slain by a death yak

Levels and vault maps discovered:
D:1:      nzn_arrival_settlement, layout_basic
D:2:      layout_loops_ring
D:3:      layout_loops_cross
D:4:      layout_gridville, uniq_eustachio, uniq_menkaure
D:5:      kennysheep_big_flooded_room, layout_basic, chei_slow_surprise,
          temple_doors_e
D:6:      cheibrodos_helix_gallery, layout_cave_pools,
          nicolae_ossuary_entry_giza
D:7:      layout_basic, nicolae_yredelemnul_corpse_copse, enter_bailey_4,
          serial_shops, kennysheep_little_box, gammafunk_ghost_abyssal_escape,
          nicolae_take_the_stairs
D:8:      gammafunk_steamed_eel, layout_loops_ring, xom_teletrap_fun,
          mainiacjoe_overflow_six_doors_small, glass_columns_a,
          guppyfry_shop_venom
D:9:      layout_loops_ring, guppyfry_early_elven_hall, uniq_psyche, uniq_joseph
D:10:     layout_long_grid, mainiacjoe_overflow_surrounded_room,
          lemuel_doored_altar, dpeg_lair_monsters, zombieorc2_lemuel,
          uniq_harold, uniq_josephine

Skill      XL: |  1  2  3  4  5  6  7  8  9 10 |
---------------+-------------------------------+-----
Unarmed Combat | 4 5 6 7 8 9 10 12 | 12.6
Shields        | 5 6 8 9 |  9.1
Fighting       | 3 4 5 |  5.5
Dodging        | 1 |  1.3
Throwing       | 1 |  1.5
Armour         | 1 |  1.2
Spellcasting   | |  1.0
Fire Magic     | |  2.1

Action                   |  1- 3 |  4- 6 |  7- 9 | 10-12 || total
-------------------------+-------+-------+-------+-------++-------
Melee: Unarmed           |    75 |    88 |   397 |   153 ||   713
       Punch             |     1 |     1 |       |       ||     2
Throw: Boomerang         |       |       |    11 |    17 ||    28
Invok: Fiery Armour      |       |     1 |     5 |     3 ||     9
  Use: Scroll            |     6 |     3 |     9 |     4 ||    22
       Potion            |     2 |     1 |     5 |     5 ||    13
Armor: Robe              |    30 |    32 |   146 |    63 ||   271
       Troll leather arm |       |       |       |    35 ||    35
Dodge: Dodged            |    25 |    38 |    96 |    48 ||   207
Block: Kite shield       |       |       |   113 |    88 ||   201

Table legend:
 A = Non-vault XP
 B = Vault XP
 C = Vault XP percentage of total XP
 D = Non-vault monster count
 E = Vault monster count
 F = Vault count percentage of total count
                 A         B        C        D         E       F
            +---------+---------+-------+---------+---------+-------
      Total |    5851 |    5864 |  50.1 |     150 |      68 |  31.2
            +---------+---------+-------+---------+---------+-------
        D:1 |      26 |       0 |   0.0 |      14 |       0 |   0.0
        D:2 |      70 |       0 |   0.0 |      15 |       0 |   0.0
        D:3 |      69 |     203 |  74.6 |      16 |       1 |   5.9
        D:4 |     220 |     165 |  42.9 |      18 |       1 |   5.3
        D:5 |     666 |     633 |  48.7 |      16 |       3 |  15.8
        D:6 |     628 |     199 |  24.1 |      15 |       5 |  25.0
        D:7 |     341 |     506 |  59.7 |      17 |      13 |  43.3
        D:8 |    2608 |       1 |   0.0 |      27 |       1 |   3.6
        D:9 |    1108 |    1363 |  55.2 |      11 |       3 |  21.4
       D:10 |     115 |    2409 |  95.4 |       1 |       3 |  75.0
    Ossuary |       0 |     385 | 100.0 |       0 |      38 | 100.0
            +---------+---------+-------+---------+---------+-------
